 Dungeon Crawl Stone Soup version 0.17-a0-1409-ge6d9485 (webtiles) character file.

1878 bal the Covert (level 9, 0/44 HPs)
             Began as a Vine Stalker Assassin on June 22, 2015.
             Was a Priest of Nemelex Xobeh.
             Slain by a killer bee (3 damage)
             ... on level 10 of the Dungeon.
             The game lasted 00:24:17 (6095 turns).

bal the Covert (Vine Stalker Assassin)              Turns: 6095, Time: 00:24:18

Health: 0/44       AC:  4    Str: 18    XL:     9   Next: 14%
Magic:  0/20       EV: 12    Int: 12    God:    Nemelex Xobeh [***...]
Gold:   521        SH:  8    Dex: 19    Spells: 0 memorised, 8 levels left

rFire  . . .     SeeInvis .     a - +2 dagger (elec)
rCold  . . .     Clarity  +     c - +0 robe
rNeg   . . .     SustAt   .     H - +0 shield
rPois  .         Gourm    .     (no helmet)
rElec  .         Spirit   +     d - +0 cloak
rCorr  .         Warding  .     z - +0 pair of gloves
rMut   .         Stasis   .     (no boots)
MR     +....                    (no amulet)
Stlth  +++++.....               (no ring)
                                j - ring of magical power

@: mighty, somewhat resistant to hostile enchantments, quite stealthy
A: fangs 3, agile 1, clarity, regeneration 2, weak 1, magic shield, antimagic
bite, no device heal 3, rot immunity
a: Triple Draw, Renounce Religion


You were on level 10 of the Dungeon.
You worshipped Nemelex Xobeh.
Nemelex Xobeh was most pleased with you.
You were completely stuffed.

You visited 1 branch of the dungeon, and saw 10 of its levels.
You also visited: Sewer.

You collected 563 gold pieces.

Inventory:

Hand weapons
 a - a +2 dagger of electrocution (weapon)
 b - a +0 blowgun
 h - a +2 dagger of freezing
 s - a +0 hunting sling
 v - a +0 flail of protection
 x - a +1 mace of holy wrath
 y - a +1 dagger of speed
 C - a +3 dagger of venom
 G - a +4 dagger
Missiles
 e - 20 poisoned needles
 f - 2 curare-tipped needles
 k - 34 bolts
 B - 5 javelins (quivered)
Armour
 c - a +0 robe (worn)
 d - a +0 cloak (worn)
 l - a +1 ring mail of cold resistance
 z - a +0 pair of gloves (worn)
 H - a +0 shield (worn)
 N - a +2 chain mail of fire resistance
Magical staves
 M - an uncursed staff of power {unknown}
Jewellery
 j - a ring of magical power (left hand)
 p - the amulet of Xukaqep {Gourm *Drain MR+++, unknown}
   (You found it on level 9 of the Dungeon)

   [amulet of the gourmand]

   It allows you to eat raw meat even when not hungry.
   It affects your resistance to hostile enchantments.
   It causes draining when unequipped.
 E - an uncursed ring of fire
 J - a cursed -3 ring of strength {unknown}
Scrolls
 r - a scroll of teleportation
 t - 3 scrolls of remove curse
 A - 2 scrolls of amnesia
 K - a scroll of blinking
Potions
 q - 3 potions of might
 w - 2 potions of flight
 F - 2 potions of agility
Miscellaneous
 D - a plain deck of escape {drawn: 8}
 I - a plain deck of escape {drawn: 3}
Comestibles
 g - 6 bread rations
 i - 3 slices of pizza
 n - 5 fruits
 o - a meat ration
 L - a beef jerky


   Skills:
 + Level 3.3 Fighting
 + Level 3.9 Short Blades
 + Level 3.2 Throwing
 + Level 4.6 Dodging
 + Level 11.0 Stealth
 + Level 1.0 Shields
 + Level 2.0 Evocations


You had 8 spell levels left.
You didn't know any spells.

Dungeon Overview and Level Annotations

Branches:
Dungeon (10/15)            Temple (0/1) D:5
   Lair: D:8-11         Orc: D:9-12

Altars:
Dithmenos
Elyvilon
Fedhas
Gozag
Makhleb
Nemelex Xobeh
Okawaru
Qazlal

Annotations:
D:8 Erica, Psyche


Innate Abilities, Weirdness & Mutations

You have razor-sharp teeth.
You heal very quickly.
When hurt, damage is shared between your health and your magic reserves.
Your bite disrupts and absorbs the magic of your enemies.
Potions and wands cannot restore your health.
You are immune to rotting.
You are agile. (Dex +2)
You possess an exceptional clarity of mind.
You are weak. (Str -2)


Message History

The killer bee closely misses you. The killer bee stings you.
* * * LOW HITPOINT WARNING * * *
You are poisoned.
The killer bee poisons you! You block the killer bee's attack.
You block the killer bee's attack.
You miss the killer bee. Your bite misses the killer bee.
You feel sick. The killer bee stings you!
* * * LOW HITPOINT WARNING * * *
The killer bee stings you but does no damage.
You block the killer bee's attack. The killer bee stings you.
* * * LOW HITPOINT WARNING * * *
You are lethally poisoned!
The killer bee poisons you!
A jackal comes into view.
Drink which item? (? for menu, Esc to quit)
You feel better. You block the killer bee's attack. The killer bee stings you.
* * * LOW HITPOINT WARNING * * *
The killer bee stings you!
You die...
Your body glows with a rainbow of weird colours and disappears.

.###
##...
....#
....
#.h#
..#
#y#
#@#
#y#
#.#
#?#
#.#
.>#
###


You could see 2 killer bees and a jackal (wandering).

Vanquished Creatures
  2 hippogriffs (D:7)
  2 ogres (D:4)
  An ice beast (D:7)
  A crocodile (Sewer)
  2 giant frogs (D:7)
  2 scorpions
  A crimson imp (D:5)
  A jelly (D:5)
  The ghost of bal the Sneak, a weakling VSAs (D:3)
  A giant frog zombie (D:5)
  3 hounds
  8 worker ants
  2 orc wizards
  5 gnolls
  9 adders
  An ooze (D:3)
  5 worms
  7 giant geckos
  17 orcs
  4 goblins
  12 hobgoblins
  12 jackals
  22 kobolds
  3 quokkas
  4 ball pythons
  7 bats
  5 giant cockroaches
  6 giant newts
  A jackal zombie (D:3)
  10 rats
157 creatures vanquished.

Vanquished Creatures (collateral kills)
  The ghost of Boomshaker the Cleaver, an experienced HOFi (D:6)
  A quokka (D:6)
2 creatures vanquished.

Vanquished Creatures (others)
  A black bear (D:9)
  2 ogres (D:9)
  A centaur (D:9)
  An orc priest (D:9)
  2 adders (D:9)
  An orc (D:9)
  A jackal (D:9)
9 creatures vanquished.

Grand Total: 168 creatures vanquished

Notes
Turn   | Place    | Note
--------------------------------------------------------------
     0 | D:1      | bal the Vine Stalker Assassin began the quest for the Orb.
     0 | D:1      | Reached XP level 1. HP: 11/11 MP: 2/2
   196 | D:1      | Reached skill level 5 in Stealth
   404 | D:1      | Reached XP level 2. HP: 12/15 MP: 3/3
   604 | D:1      | Reached skill level 1 in Dodging
   887 | D:2      | Found a shadowy altar of Dithmenos.
   935 | D:2      | Found a faded altar to an unknown god.
   946 | D:2      | Reached XP level 3. HP: 14/18 MP: 4/4
  1044 | D:2      | Reached skill level 6 in Stealth
  1099 | D:2      | Reached XP level 4. HP: 23/23 MP: 5/5
  1340 | D:2      | Found a blossoming altar of Fedhas.
  1553 | D:3      | Reached XP level 5. HP: 26/26 MP: 6/6
  1571 | D:3      | Noticed bal's ghost (weakling VSAs)
  1577 | D:3      | Killed bal's ghost
  1577 | D:3      | Reached skill level 7 in Stealth
  2020 | D:4      | Noticed an ogre
  2033 | D:4      | Noticed an ice beast
  2049 | D:4      | Killed an ogre
  2049 | D:4      | Reached skill level 8 in Stealth
  2049 | D:4      | Gained mutation: You heal very quickly. [Vine Stalker growth]
  2049 | D:4      | Reached XP level 6. HP: 15/30 MP: 4/7
  2071 | D:4      | Noticed an ogre
  2098 | D:4      | Killed an ogre
  2292 | D:4      | Found an opulent altar of Gozag.
  2293 | D:4      | Found a sparkling altar of Nemelex Xobeh.
  2302 | D:4      | Became a worshipper of Nemelex Xobeh the Trickster
  2373 | D:4      | Received a gift from Nemelex Xobeh
  2378 | D:4      | Reached XP level 7. HP: 31/35 MP: 6/8
  2688 | D:4      | Gained mutation: You are weak. (Str -2) [potion of mutation]
  2688 | D:4      | Gained mutation: You are agile. (Dex +2) [potion of mutation]
  2688 | D:4      | Gained mutation: You possess an exceptional clarity of mind. [potion of mutation]
  2738 | D:4      | Found a burning altar of Makhleb.
  3300 | D:5      | Entered Level 5 of the Dungeon
  3469 | D:5      | Found a staircase to the Ecumenical Temple.
  3606 | D:5      | Reached skill level 9 in Stealth
  3638 | D:5      | Found a stormy altar of Qazlal.
  3703 | D:5      | Found a glowing drain.
  3721 | Sewer    | Entered a sewer
  4132 | D:5      | Found an iron altar of Okawaru.
  4235 | D:6      | Received a gift from Nemelex Xobeh
  4332 | D:6      | Noticed Boomshaker's ghost (experienced HOFi)
  4366 | D:6      | Gained mutation: You have razor-sharp teeth. [Vine Stalker growth]
  4366 | D:6      | Reached XP level 8. HP: 25/39 MP: 9/9
  4547 | D:6      | Found a white marble altar of Elyvilon.
  4774 | D:6      | Killed Boomshaker's ghost
  4774 | D:6      | Reached skill level 10 in Stealth
  4774 | D:6      | Reached skill level 1 in Evocations
  5060 | D:7      | Killed an ice beast
  5549 | D:7      | Reached XP level 9. HP: 44/44 MP: 11/11
  5561 | D:7      | Received a gift from Nemelex Xobeh
  5738 | D:7      | Reached skill level 1 in Shields
  5823 | D:8      | Noticed Psyche
  5825 | D:8      | Noticed Erica
  5936 | D:9      | Acquired Nemelex Xobeh's first power
  5991 | D:9      | Got a glittering emerald amulet
  6054 | D:9      | Reached skill level 11 in Stealth
  6089 | D:10     | Entered Level 10 of the Dungeon
  6095 | D:10     | Slain by a killer bee

Vault maps used:
D:1:      nagdon_arrival_double_spiral, serial_glass, glass_columns_a,
          glass_columns_a, glass_columns_a, glass_columns_a, glass_columns_b,
          glass_columns_c
D:2:      nicolae_overflow_crystal_walls, overflow_temple_1_default,
          ecumenical_altar_1, grunt_ministairs_14
D:3:      minmay_fountain_box
D:4:      grunt_temple_overflow_opulence, makhleb_heckhound_becter, first_bread
D:5:      okawaru_altar_gauntlet_db, kennysheep_mini_moat,
          minmay_temple_entry_purple_smoke, portal_sewer_entry_d
D:6:      lemuel_doored_altar
D:7:      kennysheep_dice
D:8:      slow_altar_2, erik_lair_orcish_takeover, uniq_pikel, uniq_erica,
          uniq_psyche
D:9:      xom_confusion_cloud, gammafunk_temple_overflow_claw,
          hangedman_tree_tricks
D:10:     hiddenorc2_lemuel, statue_in_the_mist_lemuel, uniq_erolcha
Sewer:    sewer_the_crocodile

Action                   |  1- 3 |  4- 6 |  7- 9 || total
-------------------------+-------+-------+-------++-------
Melee: Dagger            |    58 |    87 |   187 ||   332
 Fire: Blowgun           |     3 |    18 |    28 ||    49
Throw: Javelin           |       |       |     2 ||     2
Evoke: Deck              |       |       |    19 ||    19
  Use: Scroll            |     4 |     3 |    10 ||    17
       Potion            |     3 |       |    11 ||    14
 Stab: Sleeping          |    17 |    18 |    19 ||    54
  Eat: Chunk             |     1 |     2 |     3 ||     6
       Fruit             |       |     2 |       ||     2
       Meat ration       |       |       |     1 ||     1
       Bread ration      |       |       |     1 ||     1
